 Dungeon Crawl Stone Soup version 0.23-a0-655-g3751e1c (webtiles) character file.

247 galech the Covered (level 5, 0/41 HPs)
             Began as a Demonspawn Fighter on Jan 7, 2019.
             Succumbed to Duvessa's poison
             ... on level 3 of the Dungeon.
             The game lasted 00:03:56 (3656 turns).

galech the Covered (Demonspawn Fighter)             Turns: 3656, Time: 00:03:57

Health: 0/41       AC: 10    Str: 16    XL:     5   Next: 85%
Magic:  5/5        EV:  4    Int:  9    God:
Gold:   174        SH:  9    Dex: 14    Spells: 4/4 levels left

rFire    . . .     SeeInvis .   a - +0 war axe
rCold    . . .     Gourm    .   c - +0 shield
rNeg     . . .     Faith    .   d - +0 chain mail
rPois    .         Spirit   +   e - +0 helmet
rElec    .         Reflect  .   (no cloak)
rCorr    .         Harm     .   (no gloves)
MR       .....                  (no boots)
Stlth    ..........             (no amulet)
HPRegen  0.13/turn              (no ring)
MPRegen  0.18/turn              (no ring)

@: lethally poisoned (0 -> -42), hasted, glowing, very quick
A: powered by pain 1, magic shield, magic regeneration
a: no special abilities


You were on level 3 of the Dungeon.
You were not hungry.

You visited 1 branch of the dungeon, and saw 4 of its levels.

You collected 174 gold pieces.

Inventory:

Hand Weapons
 a - a +0 war axe (weapon)
Armour
 c - a +0 shield (worn)
 d - a +0 chain mail (worn)
 e - a +0 helmet (worn)
Scrolls
 g - 2 scrolls of identify
 j - a scroll of amnesia
 l - a scroll of fog
Potions
 h - a potion of brilliance
 i - 2 potions of flight
Comestibles
 f - 7 rations


   Skills:
 + Level 3.6 Fighting
 + Level 3.5 Axes
 + Level 3.9 Armour
 + Level 0.4 Dodging
 + Level 3.7 Shields


You had 4 spell levels left.
You didn't know any spells.
Your spell library was empty.

Dungeon Overview and Level Annotations

Branches:
Dungeon (4/15)
 Temple: D:4-7

Altars:
Kikubaaqudgha
Sif Muna
Xom
Yredelemnul

Annotations:
D:4 Dowan, Duvessa


Innate Abilities, Weirdness & Mutations

You sometimes gain a little power by taking damage.
When hurt, damage is shared between your health and your magic reserves.
You regenerate magic rapidly.


Message History

You are more poisoned.
You hit Duvessa but do no damage.
Duvessa is heavily wounded.
* * * LOW HITPOINT WARNING * * *
You feel very sick.
Duvessa hits you with a +1 rapier of venom.
* * * LOW HITPOINT WARNING * * *
You are more poisoned.
Duvessa hits you but does no damage.
* * * LOW HITPOINT WARNING * * *
You feel sick. You block Duvessa's attack.
You climb upwards.
* * * LOW HITPOINT WARNING * * *
You feel very sick.
There is a stone staircase leading down here.
It was a potion of magic.
Magic courses through your body.
* * * LOW HITPOINT WARNING * * *
You feel sick.
There is a lethal amount of poison in your body!
You die...

######## #......##
#.####### #.####@###
#.##8...8# #
#.##.....## #
####.#8.....8# #
######....##.....##
###...##....##8...8#
..#)..##....##....^####
............#8.....8#.#
..#....#....##.....##.#


There were no monsters in sight!

Vanquished Creatures
  An orc priest (D:4)
  2 iguanas
  2 worker ants
  3 adders
  A worm (D:2)
  A leopard gecko (D:1)
  9 orcs
  7 giant cockroaches
  2 gnoll zombies (D:3)
  8 goblins
  6 hobgoblins
  5 jackals
  5 kobolds
  A quokka (D:3)
  2 ball pythons
  12 bats
  2 frilled lizards
  10 rats
79 creatures vanquished.

Notes
Turn   | Place    | Note
-------+----------+-------------------------------------------
     0 | D:1      | galech the Demonspawn Fighter began the quest for the Orb.
     0 | D:1      | Reached XP level 1. HP: 18/18 MP: 1/1
   307 | D:1      | Gained mutation: You sometimes gain a little power by
                  | taking damage. [demonic ancestry]
   307 | D:1      | Reached XP level 2. HP: 24/24 MP: 2/2
   716 | D:1      | Gained mutation: When hurt, damage is shared between your
                  | health and your magic reserves. [demonic ancestry]
   716 | D:1      | Reached XP level 3. HP: 29/29 MP: 3/3
  1795 | D:2      | Found a deep blue altar of Sif Muna.
  1923 | D:3      | Gained mutation: You regenerate magic rapidly. [demonic
                  | ancestry]
  1923 | D:3      | Reached XP level 4. HP: 32/35 MP: 4/4
  2024 | D:3      | Found an ancient bone altar of Kikubaaqudgha.
  2077 | D:3      | Found a basalt altar of Yredelemnul.
  2200 | D:3      | Found a shimmering altar of Xom.
  2750 | D:4      | Reached XP level 5. HP: 27/41 MP: 3/5
  3235 | D:4      | Noticed Dowan
  3236 | D:4      | Noticed Duvessa
  3655 | D:3      | HP: 2/41 [poisoned by Duvessa]
  3656 | D:3      | Succumbed to Duvessa's poison

Vault maps used:
D:1:      matt_arrival_spirals, hangedman_abyss_or_decor_stabs
D:2:      led_sif_pool
D:3:      lemuel_doored_altar, nicolae_overflow_hidden_temple,
          lemuel_zombie_altar_yredelemnul
D:4:      cheibrodos_ashenzari_chains, tgw_fedhas, first_ration,
          chequers_serial_rivers_room_b, minmay_between, uniq_duvessa

Skill      XL: |  1  2  3  4 |
---------------+-------------+-----
Shields        | 3 |  3.7
Axes           | 2 3 |  3.5
Armour         | 3 |  3.9
Fighting       | |  3.6
Dodging        | |  0.4

Action                   |  1- 3 |  4- 6 || total
-------------------------+-------+-------++-------
Melee: War axe           |   197 |   116 ||   313
  Use: Potion            |       |     4 ||     4
       Scroll            |       |     5 ||     5
  Eat: Chunk             |     4 |     5 ||     9
Armor: Scale mail        |   105 |    12 ||   117
       Chain mail        |       |    37 ||    37
Dodge: Dodged            |    61 |    22 ||    83
Block: Shield            |   110 |    55 ||   165

Table legend:
 A = Non-vault XP
 B = Vault XP
 C = Vault XP percentage of total XP
 D = Non-vault monster count
 E = Vault monster count
 F = Vault count percentage of total count
                 A         B        C        D         E       F
            +---------+---------+-------+---------+---------+-------
      Total |     351 |       3 |   0.8 |      77 |       2 |   2.5
            +---------+---------+-------+---------+---------+-------
        D:1 |      43 |       0 |   0.0 |      28 |       0 |   0.0
        D:2 |      40 |       0 |   0.0 |      17 |       0 |   0.0
        D:3 |     111 |       3 |   2.6 |      17 |       2 |  10.5
        D:4 |     157 |       0 |   0.0 |      15 |       0 |   0.0
            +---------+---------+-------+---------+---------+-------
